 Dungeon Crawl Stone Soup version 0.28.0-53-g5a82cb258f (webtiles) character file.

Game seed: 5854576715430984472

71 cbfl8 the Skirmisher (level 4, -3/61 HPs)
             Began as a Minotaur Berserker on July 28, 2022.
             Was a Believer of Trog.
             Slain by a gnoll
             ... wielding a +0 spear
              (7 damage)
             ... on level 2 of the Dungeon.
             The game lasted 00:01:04 (1316 turns).

cbfl8 the Skirmisher (Minotaur Berserker)           Turns: 1316, Time: 00:01:04

Health: -3/61      AC:  5    Str: 21    XL:     4   Next: 5%
Magic:  3/3        EV: 11    Int:  4    God:    Trog [**....]
Gold:   113        SH:  0    Dex: 12    Spells: 3/3 levels left

rFire   . . .      SeeInvis .   a - +0 hand axe
rCold   . . .      Faith    .   (no shield)
rNeg    . . .      Spirit   .   e - +0 ring mail
rPois   .          Reflect  .   (helmet restricted)
rElec   .          Harm     .   (no cloak)
rCorr   .          Rampage  .   (no gloves)
Will    .....                   (no boots)
Stlth   ..........              (no amulet)
HPRegen 0.20/turn               (no ring)
MPRegen 0.08/turn               (no ring)

@: berserking (expiring), very quick
A: horns 2, retaliatory headbutt
a: Renounce Religion, Berserk, Trog's Hand


You were on level 2 of the Dungeon.
You worshipped Trog.
Trog was pleased with you.
You visited 1 branch of the dungeon, and saw 2 of its levels.

You collected 113 gold pieces.

Inventory:

Hand Weapons
 a - a +0 hand axe (weapon)
Armour
 b - a +0 animal skin
 e - a +0 ring mail (worn)
Jewellery
 h - a ring of poison resistance
Scrolls
 c - a scroll of immolation {unknown}
 d - a scroll of torment {unknown}
 f - a scroll of silence {unknown}
 g - 2 scrolls of identify {unknown}
 i - a scroll of enchant weapon {unknown}
Potions
 j - a potion of curing {unknown}


   Skills:
 * Level 4.5 Fighting
 + Level 4.5 Axes
 + Level 2.9 Armour
 * Level 2.6 Dodging
 + Level 0.4 Stealth
 * Level 0.3 Evocations


You had 3 spell levels left.
You didn't know any spells.
Your spell library was empty.

Dungeon Overview and Level Annotations

Branches:
Dungeon (2/15)

Altars:


Innate Abilities, Weirdness & Mutations

You have a pair of horns on your head.
You reflexively headbutt those who attack you in melee.


Message History

The gnoll is lightly wounded.
You closely miss the gnoll. You hit the gnoll.
The gnoll hits you with a +0 club. The gnoll closely misses you.
The gnoll misses you.
Unknown command.
You barely miss the gnoll.
The gnoll is lightly wounded.
You completely miss the gnoll. You hit the gnoll.
The gnoll hits you with a +0 halberd.
* * * LOW HITPOINT WARNING * * *
Unknown command.
You hit the gnoll. You headbutt the gnoll.
You kill the gnoll!
Trog accepts your kill.
You closely miss the gnoll. You hit the gnoll. The gnoll closely misses you.
The gnoll completely misses you. The gnoll hits you but does no damage.
Unknown command.
The gnoll closely misses you. You furiously retaliate!
You headbutt the gnoll!
You kill the gnoll!
Trog accepts your kill. The gnoll hits you with a +0 spear.
* * * LOW HITPOINT WARNING * * *
The gnoll hits you with a +0 flail.
* * * LOW HITPOINT WARNING * * *
You have reached level 4!
You feel agile.
Things that are here:
a +0 halberd; a gnoll corpse You barely miss the gnoll.
The gnoll is heavily wounded.
You hit the gnoll. You barely miss the gnoll. Your headbutt misses the gnoll.
The gnoll is heavily wounded.
You hit the gnoll. The gnoll hits you with a +0 spear.
* * * LOW HITPOINT WARNING * * *
The gnoll hits you with a +0 flail.
* * * LOW HITPOINT WARNING * * *
Unknown command.
The gnoll hits you with a +0 spear!
You die...

#.......##.(..###
............
#.......##....#
......#.#†#.
#.......##....#
.........††.
#.......##....#
......#.#.#†
#.......##....###
..........†.
#...............#
......#.#.#.
#...............#
####........ ...........#
....#.#.#. .......g)@.#
...........
.........g................
..............########....
.............# #....
............... ......
................ ......
................ ......
..........####.. ......
...###


You could see 2 gnolls.

Vanquished Creatures
  2 gnolls (D:2)
  An adder (D:2)
  A dart slug (D:2)
  4 endoplasms
  6 goblins
  2 hobgoblins (D:1)
  8 jackals
  A quokka (D:1)
  6 ball pythons
  2 frilled lizards (D:2)
  A kobold (D:1)
  4 rats
38 creatures vanquished.

Notes
Turn   | Place    | Note
-------+----------+-------------------------------------------
     0 | D:1      | cbfl8 the Minotaur Berserker began the quest for the Orb.
     0 | D:1      | Reached XP level 1. HP: 19/19 MP: 0/0
   304 | D:1      | Reached XP level 2. HP: 20/27 MP: 1/1
   961 | D:2      | Reached XP level 3. HP: 33/33 MP: 2/2
   969 | D:2      | Reached ** piety under Trog
  1262 | D:2      | Found a faded altar of an unknown god.
  1314 | D:2      | Reached XP level 4. HP: 12/41 MP: 3/3
  1316 | D:2      | Slain by a gnoll

Illustrated notes

Levels and vault maps discovered:
D:1:      lemuel_arrival_behind_the_door_large, layout_rooms
D:2:      layout_basic, hellmonk_ecumenical_altar_heavens_door, serial_glass,
          glass_columns_a, glass_columns_c

Skill      XL: |  1  2 |
---------------+-------+-----
Axes           | 4 |  4.5
Fighting       | 4 |  4.5
Armour         | |  2.9
Dodging        | |  2.6
Stealth        | |  0.4
Evocations     | |  0.3

Action                   |  1- 3 |  4- 6 || total
-------------------------+-------+-------++-------
Melee: Hand axe          |    68 |     2 ||    70
       Headbutt          |    12 |       ||    12
       Punch             |     1 |       ||     1
Invok: Berserk           |     1 |       ||     1
 Stab: Sleeping          |     1 |       ||     1
Armor: Animal skin       |     2 |       ||     2
       Ring mail         |    12 |       ||    12
Dodge: Dodged            |    50 |       ||    50
